 Dungeon Crawl Stone Soup version 0.28-a0-612-gcfc00ec14d (webtiles) character file.

Game seed: 15167833696766543193

14931 Rennog the Fighter (level 11, -8/86 HPs)
             Began as a Vampire Fighter on Oct 5, 2021.
             Was a High Priest of Hepliaklqana.
             Mangled by a two-headed ogre (12 damage)
             ... on level 12 of the Dungeon.
             The game lasted 00:21:36 (10559 turns).

Rennog the Fighter (Vampire Fighter)               Turns: 10559, Time: 00:21:36

Health: -8/86      AC: 11    Str: 18    XL:     11   Next: 95%
Magic:  11/11      EV: 16    Int: 12    God:    Hepliaklqana [*****.]
Gold:   667        SH: 10    Dex: 13    Spells: 10/10 levels left

rFire   . . .      SeeInvis +   n - +0 falchion (elec)
rCold   + + +      Faith    .   c - +0 buckler
rNeg    . . .      Spirit   .   u - +4 skin of Zhor {*Englaciate rC+++ SInv}
rPois   .          Reflect  +   e - +0 helmet
rElec   .          Harm     .   k - scarf {repulsion}
rCorr   .          Rampage  .   (no gloves)
Will    +....                   (no boots)
Stlth   +++++.....              p - amulet of reflection
HPRegen 0.44/turn               r - ring of protection from cold
MPRegen 0.12/turn               E - +4 ring of protection

@: healing quickly, repel missiles
A: alive, reduced essence, fangs 3, see invisible, vampiric 2
a: Exsanguinate, Renounce Religion, Recall Ancestor, Ancestor Identity,
Transference, Idealise


You were on level 12 of the Dungeon.
You worshipped Hepliaklqana.
Hepliaklqana was extremely pleased with you.
You visited 1 branch of the dungeon, and saw 12 of its levels.

You collected 667 gold pieces.

Inventory:

Hand Weapons
 a - a +0 rapier
 n - a +0 falchion of electrocution (weapon)
Armour
 b - a +0 scale mail
 c - a +0 buckler (worn)
 e - a +0 helmet (worn)
 k - a scarf of repulsion (worn)
 u - the +4 skin of Zhor (worn) {*Englaciate rC+++ SInv}
   (You found it on level 6 of the Dungeon)

   It radiates cold, occasionally slowing all nearby creatures who are not
   resistant to cold.
   rC:        It renders you almost immune to cold.
   SInv:      It lets you see invisible.
Jewellery
 p - an amulet of reflection (around neck)
 r - a ring of protection from cold (left hand)
 C - a ring of flight
 E - a +4 ring of protection (right hand)
 L - the ring of Ichin {*Slow Fly rN+ Int+5 SInv}
   (You found it on level 11 of the Dungeon)

   [ring of positive energy]

   Int:       It affects your intelligence (+5).
   rN:        It protects you from negative energy.
   SInv:      It lets you see invisible.
   Fly:       It grants you flight.
   *Slow:     It may slow you when you take damage.
Wands
 H - a wand of mindburst (7)
 N - a wand of charming (6)
 O - a wand of acid (8)
Scrolls
 i - 5 scrolls of teleportation
 l - 2 scrolls of noise {unknown}
 m - a scroll of torment
 o - 2 scrolls of vulnerability
 q - a scroll of immolation
 y - 3 scrolls of fear {unknown}
 A - a scroll of acquirement {unknown}
 B - 4 scrolls of enchant weapon
 D - a scroll of enchant armour {unknown}
 G - 2 scrolls of fog
 I - 3 scrolls of magic mapping {unknown}
 K - 2 scrolls of identify
 M - a scroll of amnesia {unknown}
Potions
 d - a potion of might
 f - a potion of brilliance {unknown}
 g - a potion of heal wounds {unknown}
 h - 2 potions of degeneration {unknown}
 j - a potion of mutation {unknown}
 s - a potion of flight {unknown}
 t - a potion of cancellation {unknown}
 v - a potion of attraction {unknown}
 w - a potion of lignification {unknown}
 x - 2 potions of berserk rage {unknown}
 z - 3 potions of curing
 F - 2 potions of magic {unknown}
 J - a potion of haste {unknown}


   Skills:
 * Level 12.3 Fighting
 - Level 2.1(5.7) Short Blades
 + Level 7.6(7.7) Long Blades
 + Level 3.5 Armour
 + Level 10.1 Dodging
 - Level 11.0 Stealth
 + Level 3.7 Shields


You had 10 spell levels left.
You didn't know any spells.
Your spell library contained the following spells:

 Spells                   Type           Power      Damage    Failure   Level
 Shock                    Conj/Air       0%         1d3       32%         1
 Sublimation of Blood     Necr           0%         N/A       45%         2
 Swiftness                Air            0%         N/A       69%         3
 Airstrike                Air            0%         N/A       97%         4
 Petrify                  Tmut/Erth      0%         N/A       97%         4
 Irradiate                Conj/Tmut      0%         3d13      100%        5


Dungeon Overview and Level Annotations

Branches:
Dungeon (12/15)            Temple (0/1) D:5            Lair (0/6) D:11
    Orc (0/2) D:10

Altars:
Hepliaklqana
Okawaru

Shops:
D:1 *   D:3 *   D:6 *

Annotations:
D:8 exclusion: orange crystal statue


Innate Abilities, Weirdness & Mutations

Your natural rate of healing is accelerated.
Your life essence is reduced to manifest your ancestor. (-10% HP)
You have razor-sharp teeth.
You have supernaturally acute eyesight. (SInv)
You are afflicted with vampirism and can become a bat while bloodless.


Message History

The cyclops barely misses you.
You slash the cyclops!
The cyclops is heavily wounded.
You hit the cyclops. Lightning courses through the cyclops!
The cyclops is severely wounded.
The cyclops hits you!
* * * LOW HITPOINT WARNING * * *
You hit the cyclops. Lightning courses through the cyclops!
You kill the cyclops!
Thabo emerges from the mists of memory!
You start resting.
A two-headed ogre comes into view.
It is wielding a +0 giant club and a +0 dire flail.
You radiate an aura of cold.
Thabo is unaffected.
The two-headed ogre seems to slow down.
The two-headed ogre hits Thabo with a +0 giant club!!
The two-headed ogre closely misses Thabo.
Thabo hits the two-headed ogre but does no damage.
Thabo drains the two-headed ogre.
The two-headed ogre is no longer moving slowly.
Thabo hits the two-headed ogre with a +0 dagger of draining!
The two-headed ogre hits Thabo with a +0 giant club!
The two-headed ogre hits Thabo with a +0 dire flail!!
Thabo is destroyed!
Aiming: Corrosive Bolt
Press: ? - help, Shift-Dir - straight line, f - two-headed ogre
Aim: a two-headed ogre, wielding a +0 giant club and a +0 dire flail (moderately wounded, lightly drained, 86% to hit)
The bolt of acid misses the two-headed ogre.
You slash the two-headed ogre!
Lightning courses through the two-headed ogre!
The two-headed ogre is severely wounded.
You block the two-headed ogre's attack. The two-headed ogre closely misses you.
You slash the two-headed ogre!
The two-headed ogre is almost dead.
You hit the two-headed ogre.
The two-headed ogre is almost dead.
The two-headed ogre hits you with a +0 giant club!!
* * * LOW HITPOINT WARNING * * *
The two-headed ogre hits you with a +0 dire flail!
You die...

# ..#.. ......
.....## .
#.....##### ..
#.......#@## ...
#........O.#
....##....#.....###
.........###(##...#
.........##......##
.H..##..##.....###
. #..........#
#..........#
#..........#


You could see a two-headed ogre (drained).

Vanquished Creatures
  Josephine (D:11)
  3 two-headed ogres
  2 cyclopes
  A centaur zombie (D:11)
  A gargoyle (D:8)
  3 trolls
  3 wraiths
  4 yaks (D:11)
  A shadow (D:11)
  3 wyverns
  A steam dragon (D:10)
  3 vampire mosquitoes
  Menkaure (D:7)
  2 acid dragons (D:11)
  3 water moccasins
  A sky beast (D:5)
  3 black bears
  A hornet zombie (D:6)
  An ogre (D:11)
  2 phantoms
  2 kobold brigands
  A bullfrog (D:6)
  A gnoll sergeant (D:10)
  4 scorpions
  A wyvern skeleton (D:6)
  2 water moccasin skeletons
  7 wights
  4 howler monkeys
  A bullfrog zombie (D:6)
  2 hounds
  A jelly (D:7)
  2 orc priests
  A centaur skeleton (D:6)
  10 orc wizards
  2 iguanas
  3 gnolls (D:10)
  An adder (D:3)
  A shadow imp (D:7)
  An ufetubus (D:5)
  4 worms
  2 dart slugs
  18 orcs
  8 ball pythons
  6 bats
  5 endoplasms
  5 giant cockroaches
  4 goblins
  A hobgoblin (D:1)
  9 jackals
  19 kobolds
  3 quokkas
  2 frilled lizards
  2 rats
175 creatures vanquished.

Vanquished Creatures (collateral kills)
  An ogre mage (D:11)
  4 two-headed ogres
  A centaur zombie (D:11)
  2 trolls
  2 wraiths (D:10)
  A wyvern (D:11)
  2 basilisks (D:11)
  A vampire mosquito (D:10)
  2 water moccasins (D:11)
  A centaur (D:7)
  An ogre (D:5)
  A bullfrog (D:8)
  3 wights
  A howler monkey (D:8)
  A bullfrog zombie (D:7)
  A hound (D:6)
  An iguana (D:7)
  4 orc wizards
  A hound skeleton (D:5)
  A white imp (D:7)
  9 orcs
  A hobgoblin (D:4)
  A jackal (D:4)
  3 kobolds
  A quokka (D:4)
  A ball python (D:1)
  2 bats
  3 rats
53 creatures vanquished.

Vanquished Creatures (others)
  7 hexers
  An ancestor (D:1)
  5 bushes (D:11)
  5 fungi (D:11)
  26 plants
44 creatures vanquished.

Grand Total: 272 creatures vanquished

Notes
Turn   | Place    | Note
-------+----------+-------------------------------------------
     0 | D:1      | Rennog the Vampire Fighter began the quest for the Orb.
     0 | D:1      | Reached XP level 1. HP: 17/17 MP: 1/1
    21 | D:1      | Found a faded altar of an unknown god.
    39 | D:1      | Reached skill level 1 in Stealth
    42 | D:1      | Became a worshipper of Hepliaklqana the Forgotten
    42 | D:1      | Reached * piety under Hepliaklqana
    91 | D:1      | Reached skill level 3 in Fighting
    93 | D:1      | Reached XP level 2. HP: 18/21 MP: 2/2
   119 | D:1      | Found Acyoreut's Assorted Antiques.
   248 | D:1      | Reached skill level 1 in Dodging
   459 | D:1      | Gained mutation: You are afflicted with vampirism and can
                  | become a bat while bloodless. [Vampire growth]
   459 | D:1      | Reached XP level 3. HP: 17/23 MP: 3/3
  1144 | D:2      | Reached ** piety under Hepliaklqana
  1146 | D:2      | Remembered your ancestor Thabo as a hexer
  1842 | D:3      | Reached XP level 4. HP: 25/25 MP: 4/4
  1897 | D:3      | Found Syimp's Assorted Antiques.
  2238 | D:4      | Reached *** piety under Hepliaklqana
  2305 | D:4      | You fall into a shaft and drop 2 floors!
  2305 | D:6      | Found the +4 skin of Zhor {*Englaciate rC+++ SInv}
  2307 | D:6      | Found Aratheku's Assorted Antiques.
  2329 | D:6      | Reached skill level 4 in Fighting
  2347 | D:5      | Entered Level 5 of the Dungeon
  2390 | D:5      | Noticed a scorpion
  2684 | D:4      | Noticed a scorpion
  2689 | D:4      | Killed a scorpion
  2690 | D:4      | Reached XP level 5. HP: 30/30 MP: 5/5
  2820 | D:4      | Reached XP level 6. HP: 30/40 MP: 6/6
  2930 | D:4      | Reached skill level 5 in Fighting
  3130 | D:5      | Reached skill level 5 in Stealth
  3303 | D:5      | Found a staircase to the Ecumenical Temple.
  3437 | D:5      | Reached XP level 7. HP: 44/44 MP: 7/7
  3504 | D:5      | Reached skill level 6 in Fighting
  3936 | D:6      | Reached **** piety under Hepliaklqana
  4045 | D:6      | Reached XP level 8. HP: 58/58 MP: 8/8
  4049 | D:6      | Reached skill level 5 in Dodging
  4137 | D:6      | Reached skill level 7 in Fighting
  4670 | D:7      | Reached skill level 1 in Long Blades
  4771 | D:7      | Reached skill level 8 in Fighting
  4820 | D:7      | Identified the +0 robe "Bohadaid" {Dex+7}
  5069 | D:7      | Reached XP level 9. HP: 53/66 MP: 9/9
  5169 | D:7      | Found an iron altar of Okawaru.
  5242 | D:7      | Reached ***** piety under Hepliaklqana
  5641 | D:8      | Noticed an orange crystal statue
  6037 | D:8      | Noticed a gargoyle
  6073 | D:7      | Noticed Menkaure
  6083 | D:7      | HP: 1/67 [Menkaure (6)]
  6085 | D:7      | Killed Menkaure
  6376 | D:9      | Reached skill level 9 in Fighting
  6894 | D:10     | Entered Level 10 of the Dungeon
  6907 | D:10     | Found a staircase to the Orcish Mines.
  7093 | D:10     | Noticed a two-headed ogre
  7482 | D:8      | Killed a gargoyle
  7615 | D:10     | Noticed a two-headed ogre
  7619 | D:10     | Killed a two-headed ogre
  7620 | D:10     | Reached skill level 10 in Fighting
  7620 | D:10     | Reached XP level 10. HP: 65/76 MP: 10/10
  7887 | D:10     | Reached skill level 5 in Long Blades
  7955 | D:10     | Killed a two-headed ogre
  8162 | D:10     | Noticed a two-headed ogre
  8417 | D:10     | Killed a two-headed ogre
  8569 | D:11     | Noticed a two-headed ogre
  8570 | D:11     | Noticed an ogre mage
  8570 | D:11     | Noticed a two-headed ogre
  8570 | D:11     | Noticed a two-headed ogre
  8584 | D:11     | Killed a two-headed ogre
  8706 | D:10     | Killed a two-headed ogre
  8722 | D:11     | Noticed Josephine
  8729 | D:10     | Reached skill level 11 in Fighting
  8831 | D:11     | Reached skill level 10 in Stealth
  8845 | D:11     | Reached XP level 11. HP: 60/78 MP: 11/11
  9311 | D:11     | Identified the ring of Ichin {*Slow Fly rN+ Int+5 SInv}
  9603 | D:11     | Killed Josephine
  9821 | D:11     | Found a staircase to the Lair.
 10000 | D:11     | Reached skill level 12 in Fighting
 10090 | D:11     | Noticed a two-headed ogre
 10093 | D:11     | Killed an ogre mage
 10102 | D:11     | Killed a two-headed ogre
 10103 | D:11     | Killed a two-headed ogre
 10104 | D:11     | Reached skill level 10 in Dodging
 10491 | D:12     | Noticed a two-headed ogre
 10492 | D:12     | Noticed a red ugly thing
 10546 | D:12     | Noticed a two-headed ogre
 10559 | D:12     | HP: 4/86 [two-headed ogre (24)]
 10559 | D:12     | Mangled by a two-headed ogre

Illustrated notes

Levels and vault maps discovered:
D:1:      lightli_arrival_boilingwater, layout_rooms, serial_glass,
          glass_columns_c, glass_columns_a, serial_shops,
          nicolae_shop_overgrown_old_shop, basic_ecumenical_altar,
          minmay_pentomino_x2
D:2:      layout_loops_corners, minmay_tiny_reverse_x
D:3:      layout_loops_ring, serial_shops, nicolae_shop_waterfront,
          columned_hall_lemuel
D:4:      layout_loops_corners
D:5:      layout_basic, minmay_temple_entry_junction
D:6:      layout_cave_pools, serial_shops, nicolae_shop_trees,
          lemuel_flamethrower_2
D:7:      black_bear_nest_2, layout_gridville,
          mainiacjoe_overflow_six_doors_small, chequers_serial_rivers_small_3,
          uniq_menkaure
D:8:      layout_loops_ring, disabler_island
D:9:      layout_loops_ring
D:10:     layout_long_grid, orc_0_dummy
D:11:     layout_cave_pods, minmay_lair_entry_grove, st_stairs_11,
          uniq_josephine
D:12:     minmay_bloctagon, layout_cave_pools, chequers_serial_rivers_small_b

Skill      XL: |  1  2  3  4  5  6  7  8  9 10 11 |
---------------+----------------------------------+-----
Stealth        | 1 2 3 4 5 7 8 10 11 | 11.0
Fighting       | 3 4 5 6 8 10 11 12 | 12.3
Dodging        | 1 2 3 4 6 7 9 10 | 10.1
Long Blades    | 2 4 6 7 |  7.6
Shields        | 3 |  3.7
Armour         | 3 |  3.5
Short Blades   | |  2.1

Action                   |  1- 3 |  4- 6 |  7- 9 | 10-12 || total
-------------------------+-------+-------+-------+-------++-------
Melee: Rapier            |   115 |       |       |       ||   115
       Bite              |    21 |     7 |    35 |    47 ||   110
       Falchion          |    15 |    90 |   255 |   287 ||   647
Invok: Ancestor Life: He |     1 |       |       |       ||     1
       Recall Ancestor   |       |     2 |     2 |     3 ||     7
 Abil: Revivify          |     3 |       |       |       ||     3
       Exsanguinate      |     2 |       |       |       ||     2
Evoke: Wand              |       |       |       |     1 ||     1
  Use: Scroll            |       |       |     6 |     1 ||     7
       Potion            |       |       |     1 |     1 ||     2
 Stab: Sleeping          |     1 |     3 |     8 |     4 ||    16
       Confused          |     1 |     1 |     1 |     5 ||     8
       Distracted        |       |     1 |     4 |     5 ||    10
Armor: Scale mail        |    56 |     6 |       |       ||    62
       Animal skin       |       |    10 |    33 |    75 ||   118
Dodge: Dodged            |    62 |    20 |   114 |   141 ||   337
       Repelled          |     1 |       |       |     1 ||     2
Block: Buckler           |    18 |    38 |    97 |   138 ||   291
       Reflection        |       |       |     1 |       ||     1

Table legend: (Time is in decaauts)
 A = Elapsed time spent in this place.
 B = Non-inter-level travel time spent in this place.
 C = Inter-level travel time spent in this place.
 D = Time resting spent in this place.
 E = Time spent auto-exploring this place.
 F = Levels seen in this place.
 G = Mean time per level.
                   A        B        C        D        E       F      G
               +--------+--------+--------+--------+--------+-----+--------+
         Total |  10689 |  10174 |    515 |    861 |   7250 |  12 |  890.8 |
       Dungeon |  10689 |  10174 |    515 |    861 |   7250 |  12 |  890.8 |
               +--------+--------+--------+--------+--------+-----+--------+

Top non-repeatable levels by time:
     D:7: 1517 daAuts
    D:10: 1473 daAuts
    D:11: 1402 daAuts
     D:2: 914 daAuts
     D:9: 878 daAuts
     D:5: 843 daAuts
     D:4: 816 daAuts
     D:1: 715 daAuts
     D:8: 712 daAuts
     D:6: 682 daAuts
     D:3: 623 daAuts
    D:12: 109 daAuts
